 Dungeon Crawl Stone Soup version 0.31-a0-728-g01b46875f1 (webtiles) character file.

Game seed: 4575919544137401562

50 subawu the Ruffian (level 3, 0/26 HPs)
             Began as a Demonspawn Shapeshifter on Sept 11, 2023.
             Slain by an orc
             ... wielding a +0 trident
              (1 damage)
             ... on level 2 of the Dungeon.
             The game lasted 00:08:25 (1512 turns).

subawu the Ruffian (Demonspawn Shapeshifter)        Turns: 1512, Time: 00:08:26

Health: 0/26       AC:  7    Str: 14    XL:     3   Next: 55%
Magic:  3/3        EV: 11    Int: 13    God:
Gold:   1009       SH:  4    Dex: 12    Spells: 2/2 levels left

rFire   + .          .
                       - Unarmed
rCold   . . .        (no shield)
rNeg    . . .        k - +2 ring mail {rF+}
rPois   .            h - melded +0 helmet
rElec   .            (cloak currently unavailable)
rCorr   +            (gloves currently unavailable)
SInv    .            (boots currently unavailable)
Will    .....        (no amulet)
Stlth   +            i - ring of resist corrosion
HPRegen 0.24/turn    (no ring)
MPRegen 0.08/turn

%: no passive effects
@: beast-form
A: beast (slay +1), condensation shield
a: Begin Untransformation


You were on level 2 of the Dungeon.
You were a hulking beast.
You visited 1 branch of the dungeon, and saw 2 of its levels.

You collected 1009 gold pieces.

Inventory:

Hand Weapons
 g - a +0 hand axe
 l - a +0 short sword of draining
Armour
 a - a +0 animal skin
 f - a +1 ring mail
 h - a +0 helmet (melded)
 k - a +2 ring mail of fire resistance (worn)
Jewellery
 i - a ring of resist corrosion (left hand)
Talismans
 c - a beast talisman (active)
 d - a flux talisman
Wands
 e - a wand of mindburst (21)
Potions
 b - a potion of lignification
 j - a potion of brilliance


   Skills:
 + Level 1.1 Fighting
 + Level 0.9 Armour
 + Level 2.3 Dodging
 + Level 0.2 Shields
 + Level 3.2 Unarmed Combat
 + Level 3.0 Shapeshifting


You had 2 spell levels left.
You didn't know any spells.
Your spell library contained the following spells:

 Spells                   Type           Power      Damage    Failure   Level
 Blink                    Tloc           0%         N/A       67%         2
 Manifold Assault         Tloc           0%         N/A       99%         4


Dungeon Overview and Level Annotations

Branches:
Dungeon (2/15)

Altars:


Innate Abilities, Weirdness & Mutations

You are a hulking beast.
Your limbs bulge with bestial killing power. (Slay +1)
A meltable shield of frost defends you. (SH +4)


Message History

The orc hits you but does no damage.
The orc throws a stone.
The stone barely misses you. The quokka misses you. The orc closely misses you.
The quokka barely misses you. The orc barely misses you.
The orc attacks as it pursues you! The orc barely misses you.
The orc attacks as it pursues you! The orc hits you with a +0 falchion.
The quokka closely misses you. The orc attacks as it pursues you!
You block the orc's attack. The quokka attacks as it pursues you!
The quokka bites you but does no damage.
The orc attacks as it pursues you! The orc barely misses you.
The quokka attacks as it pursues you! The quokka barely misses you.
The quokka attacks as it pursues you!
The quokka bites you but does no damage.
The orc attacks as it pursues you! The orc hits you with a +0 falchion.
* * * LOW HITPOINT WARNING * * *
You block the quokka's attack. The orc attacks as it pursues you!
The orc hits you with a +0 falchion.
* * * LOW HITPOINT WARNING * * *
The quokka attacks as it pursues you! The quokka barely misses you.
You hit the quokka.
You kill the quokka!
The orc barely misses you.
The orc throws a stone.
The stone hits you but does no damage.
The orc throws a boomerang.
The boomerang closely misses you. The orc closely misses you.
The orc attacks as it pursues you! The orc closely misses you.
You hit the orc but do no damage. The orc hits you but does no damage.
You barely miss the orc.
The orc hits you from afar with a +0 trident.
* * * LOW HITPOINT WARNING * * *
You block the orc's attack.
You hit the orc.
The orc is severely wounded.
The orc hits you from afar with a +0 trident.
* * * LOW HITPOINT WARNING * * *
You block the orc's attack.
You barely miss the orc.
The orc is severely wounded.
The orc hits you from afar with a +0 trident.
You die...

###.#.##
#.#
#.#.#
#..
#.#.##
###
#o#..#
#o##.#
#o##.#
#o##)#
#o.).#
#h####
###


You could see 5 orcs.

Vanquished Creatures
  An adder (D:2)
  A dart slug (D:1)
  A ball python (D:1)
  3 endoplasms
  A giant cockroach (D:2)
  3 goblins
  5 hobgoblins
  2 jackals (D:1)
  9 kobolds
  3 quokkas
  3 bats
  2 rats (D:1)
34 creatures vanquished.

Notes
Turn   | Place    | Note
-------+----------+-------------------------------------------
     0 | D:1      | subawu the Demonspawn Shapeshifter began the quest for the
                  | Orb.
     0 | D:1      | Reached XP level 1. HP: 15/15 MP: 1/1
   130 | D:1      | Gained mutation: A meltable shield of frost defends you.
                  | (SH +4) [demonic ancestry]
   130 | D:1      | Reached XP level 2. HP: 20/21 MP: 2/2
   396 | D:1      | Found a faded altar of an unknown god.
  1020 | D:1      | Identified a scroll of acquirement
  1020 | D:1      | Acquired 924 gold pieces
  1118 | D:2      | Reached XP level 3. HP: 26/26 MP: 3/3
  1493 | D:2      | HP: 1/26 [orc/+0 falchion (5)]
  1511 | D:2      | HP: 1/26 [orc/+0 trident (1)]
  1512 | D:2      | Slain by an orc

Illustrated notes

Levels and vault maps discovered:
D:1:      saegor_arrival_simple_b, layout_basic, nicolae_ecumenical_lake_church
D:2:      layout_basic, basic_altar

Skill      XL: |  1  2 |
---------------+-------+-----
Dodging        | 2 |  2.3
Unarmed Combat | 3 |  3.2
Shapeshifting  | 3 |  3.0
Fighting       | |  1.1
Armour         | |  0.9
Shields        | |  0.2

Action                     || total
---------------------------++-------
  Melee: Unarmed           ||   131
         Punch             ||     2
    Use: Scroll            ||     3
         Potion            ||     2
 Armour: Ring mail         ||   102
         Animal skin       ||    12
  Dodge: Dodged            ||   107
  Block: Other             ||    28
         Form:             ||     1
         Beast             ||     1

Table legend: (Time is in decaauts)
 A = Elapsed time spent in this place.
 B = Non-inter-level travel time spent in this place.
 C = Inter-level travel time spent in this place.
 D = Time resting spent in this place.
 E = Time spent auto-exploring this place.
 F = Levels seen in this place.
 G = Mean time per level.
                   A        B        C        D        E       F      G
               +--------+--------+--------+--------+--------+-----+--------+
         Total |   1508 |   1324 |    184 |     45 |    505 |   2 |  754.0 |
       Dungeon |   1508 |   1324 |    184 |     45 |    505 |   2 |  754.0 |
               +--------+--------+--------+--------+--------+-----+--------+

Top non-repeatable levels by time:
     D:1: 1191 daAuts
     D:2: 317 daAuts
